 Dungeon Crawl Stone Soup version 0.18.1-50-g88ac8fd (webtiles) character file.

688 mopl the Sneak (level 7, -4/37 HPs)
             Began as a Vine Stalker Warper on May 17, 2017.
             Slain by a gnoll
             ... wielding a +0 halberd
              (8 damage)
             ... on level 4 of the Dungeon.
             The game lasted 00:05:55 (3352 turns).

mopl the Sneak (Vine Stalker Warper)                Turns: 3352, Time: 00:05:56

Health: -4/37      AC:  4    Str: 13    XL:     7   Next: 63%
Magic:  0/11       EV: 12    Int: 13    God:
Gold:   277        SH:  0    Dex: 16    Spells: 1 memorised, 9 levels left

rFire  . . .     SeeInvis .     a - +0 falchion
rCold  . . .     Gourm    .     b - +0 leather armour
rNeg   . . .     Faith    .     (no shield)
rPois  .         Spirit   +     (no helmet)
rElec  .         Dismiss  .     (no cloak)
rCorr  .         Reflect  .     v - +0 pair of gloves
SustAt .         Harm     .     (no boots)
MR     .....                    (no amulet)
Stlth  +++.......               (no ring)
                                (no ring)

@: not resistant to hostile enchantments, fairly stealthy
A: fangs 2, regeneration 2, magic shield, antimagic bite, no device heal 3, rot
immunity
a: no special abilities


You were on level 4 of the Dungeon.
You were hungry.

You visited 1 branch of the dungeon, and saw 4 of its levels.

You collected 277 gold pieces.

Inventory:

Hand Weapons
 a - a +0 falchion (weapon)
Missiles
 e - 5 tomahawks of dispersal (quivered)
Armour
 b - a +0 leather armour (worn)
 v - a +0 pair of gloves (worn)
Wands
 r - a wand of acid (0/15)
 u - a wand of flame (15/48)
 x - a wand of flame (30/48)
Scrolls
 d - 2 scrolls of blinking
 i - 2 scrolls of teleportation {unknown}
 k - a scroll of fog {unknown}
 l - a scroll of recharging {unknown}
 m - 2 scrolls of remove curse {unknown}
 o - 3 scrolls of identify {unknown}
 q - 2 scrolls of magic mapping {unknown}
 s - 2 scrolls of random uselessness {unknown}
Potions
 g - a potion of mutation {unknown}
 j - 3 potions of curing {unknown}
 p - a potion of heal wounds {unknown}
 t - a potion of flight {unknown}
 w - a potion of brilliance {unknown}
 z - a potion of cancellation {unknown}
Books
 c - a book of Spatial Translocations

   Spells                             Type                      Level
   a - Apportation                    Translocation                1
   b - Blink                          Translocation                2
   c - Shroud of Golubria             Charms/Translocation         2
   d - Portal Projectile              Translocation                3
   e - Teleport Other                 Translocation                3
   f - Passage of Golubria            Translocation                4
Comestibles
 f - 3 bread rations
 h - 3 fruits
 n - a meat ration
 A - a chunk of flesh


   Skills:
 + Level 4.0 Fighting
 + Level 4.3 Long Blades
 - Level 0.8 Throwing
 - Level 0.7 Armour
 - Level 1.5 Dodging
 + Level 5.6 Stealth
 - Level 2.1 Spellcasting
 - Level 3.0 Translocations
 + Level 2.3 Evocations


You had 9 spell levels left.
You knew the following spells:

 Your Spells              Type           Power        Failure   Level  Hunger
a - Apportation           Tloc           #.........   12%         1    ##.....


Dungeon Overview and Level Annotations

Branches:
Dungeon (4/15)
 Temple: D:4-7

Altars:
Ru
Sif Muna
Vehumet


Innate Abilities, Weirdness & Mutations

You have extremely sharp teeth.
You heal very quickly.
When hurt, damage is shared between your health and your magic reserves.
Your bite disrupts and absorbs the magic of your enemies.
Potions and wands cannot restore your health.
You are immune to rotting.


Message History

The big kobold is lightly wounded.
The kobold hits you. The big kobold misses you. The gnoll barely misses you.
The kobold throws a stone.
The stone barely misses you. The big kobold hits you with a dagger.
You barely miss the gnoll. The gnoll hits you with a halberd!
The big kobold hits you with a dagger.
You barely miss the gnoll. Your bite misses the gnoll.
The gnoll hits you with a halberd! The kobold closely misses you.
The big kobold hits you but does no damage.
Unknown command.
You hit the gnoll.
The gnoll is heavily wounded.
The gnoll hits you with a halberd.
* * * LOW HITPOINT WARNING * * *
The big kobold hits you with a dagger.
* * * LOW HITPOINT WARNING * * *
The kobold hits you.
* * * LOW HITPOINT WARNING * * *
The gnoll hits you with a halberd!
You die...

≈≈≈≈≈≈≈≈≈≈≈≈≈≈≈≈≈≈≈≈≈≈≈≈≈≈≈≈≈≈≈≈≈
≈≈≈≈≈≈≈≈≈≈≈≈≈≈≈≈≈≈≈≈≈≈≈≈≈≈≈≈≈≈≈≈≈
≈≈≈≈≈≈≈≈≈≈≈≈≈≈≈≈≈≈≈≈≈≈≈≈#####≈≈≈≈
#########################...#≈≈≈≈
.......#.....## ##..(...#...#≈≈≈≈
..))...'......###.......#)))#≈≈≈≈
########.......#........##'##≈≈≈≈
#..........(...#.K.......(.#≈≈≈≈≈
(.....(()...(..[@K.........#≈≈≈≈≈
#...(.(()......#.g.........#
########..(....#(.......##K#
.....)('......###.......#$$$#
.....()#.....## ##......#KKg#
############## ########$gK# #####


You could see a big kobold, a gnoll and a kobold.

Vanquished Creatures
  Menkaure (D:4)
  A big kobold (D:3)
  Blork the orc (D:4)
  4 hounds (D:4)
  Terence (D:2)
  Natasha (D:4)
  2 orc wizards
  A worker ant (D:4)
  2 gnolls (D:4)
  4 adders
  2 oozes
  An adder skeleton (D:4)
  A worm (D:4)
  2 dart slugs (D:2)
  2 giant geckos (D:1)
  5 orcs (D:4)
  6 bats
  6 giant cockroaches
  11 goblins
  14 hobgoblins
  2 jackals (D:4)
  32 kobolds
  3 ball pythons
  4 giant newts
  6 rats
115 creatures vanquished.

Notes
Turn   | Place    | Note
--------------------------------------------------------------
     0 | D:1      | mopl the Vine Stalker Warper began the quest for the Orb.
     0 | D:1      | Reached XP level 1. HP: 11/11 MP: 4/4
    41 | D:1      | Reached skill level 2 in Long Blades
    41 | D:1      | Reached skill level 1 in Stealth
   138 | D:1      | Reached XP level 2. HP: 11/15 MP: 3/6
   238 | D:1      | Reached skill level 2 in Stealth
   291 | D:1      | Reached XP level 3. HP: 18/18 MP: 7/7
   295 | D:1      | Reached skill level 2 in Fighting
   889 | D:2      | Reached XP level 4. HP: 21/23 MP: 8/8
   948 | D:2      | Reached skill level 3 in Stealth
  1008 | D:2      | Found a sacrificial altar of Ru.
  1023 | D:2      | Reached skill level 3 in Long Blades
  1067 | D:2      | Noticed Terence
  1075 | D:2      | Killed Terence
  1075 | D:2      | Reached XP level 5. HP: 22/27 MP: 6/9
  1988 | D:4      | Found a radiant altar of Vehumet.
  2016 | D:4      | Reached skill level 4 in Stealth
  2020 | D:4      | Reached skill level 3 in Fighting
  2112 | D:4      | Gained mutation: You heal very quickly. [Vine Stalker growth]
  2112 | D:4      | Reached XP level 6. HP: 31/32 MP: 10/10
  2120 | D:4      | Found a deep blue altar of Sif Muna.
  2211 | D:4      | Reached skill level 1 in Evocations
  2433 | D:4      | Noticed Menkaure
  2442 | D:4      | Killed Menkaure
  2563 | D:4      | Reached skill level 4 in Long Blades
  2563 | D:4      | Reached skill level 5 in Stealth
  2563 | D:4      | Reached XP level 7. HP: 32/36 MP: 8/11
  2962 | D:4      | Noticed Natasha
  3044 | D:4      | Killed Natasha
  3044 | D:4      | Reached skill level 2 in Evocations
  3144 | D:4      | Noticed Blork the orc
  3160 | D:4      | Killed Blork the orc
  3261 | D:3      | Reached skill level 4 in Fighting
  3352 | D:4      | Slain by a gnoll

Skill      XL: |  1  2  3  4  5  6  7 |
---------------+----------------------+-----
Long Blades    | 2 3 4 |  4.3
Stealth        | 1 2 3 4 5 |  5.6
Fighting       | 2 3 4 |  4.0
Evocations     | 1 2 |  2.3
Throwing       | |  0.8
Armour         | |  0.7
Dodging        | |  1.5
Spellcasting   | |  2.1
Translocations | |  3.0

Action                   |  1- 3 |  4- 6 |  7- 9 || total
-------------------------+-------+-------+-------++-------
Melee: Falchion          |   130 |   149 |   118 ||   397
       Bite              |    31 |    33 |    30 ||    94
Evoke: Wand              |       |     8 |     1 ||     9
 Stab: Sleeping          |     4 |    11 |       ||    15
       Distracted        |       |     1 |       ||     1
  Eat: Chunk             |       |     5 |     3 ||     8
Armor: Leather armour    |    29 |    32 |    41 ||   102
Dodge: Dodged            |    86 |    89 |    91 ||   266
